 Dungeon Crawl Stone Soup version 0.22.0-2-ge58baed0e8 (webtiles) character file.

102 Htamos the Magician (level 4, -1/28 HPs)
             Began as an Octopode Wizard on Aug 12, 2018.
             Slain by an ogre
             ... wielding a +0 giant club
              (20 damage)
             ... on level 3 of the Dungeon.
             The game lasted 00:07:03 (3615 turns).

Htamos the Magician (Octopode Wizard)               Turns: 3615, Time: 00:07:03

Health: -1/28      AC:  3    Str:  6    XL:     4   Next: 78%
Magic:  2/9        EV: 13    Int: 21    God:
Gold:   118        SH:  0    Dex: 10    Spells: 1/10 levels left

rFire    . . .     SeeInvis .   h - +2 dagger (drain)
rCold    . . .     Gourm    .   (no shield)
rNeg     . . .     Faith    .   a - +2 hat
rPois    .         Spirit   .   (no amulet)
rElec    .         Reflect  .   (no ring)
rCorr    .         Harm     .   (no ring)
MR       .....                  (no ring)
Stlth    ++........             (no ring)
HPRegen  0.09/turn              (no ring)
MPRegen  0.11/turn              (no ring)
                                (no ring)
                                (no ring)

@: confused
A: almost no armour, stealthy swim, amphibious, 8 rings, constrict 8, camouflage
1, gelatinous body 1
a: no special abilities


You were on level 3 of the Dungeon.
You were not hungry.

You visited 1 branch of the dungeon, and saw 3 of its levels.

You collected 118 gold pieces.

Inventory:

Hand Weapons
 g - a cursed -1 dagger
 h - a +2 dagger of draining (weapon)
 m - a +1 dagger of speed
 r - a cursed -2 spear
 t - a +0 morningstar
 u - a +2 dagger of draining
Missiles
 e - 101 stones (quivered)
Armour
 a - a +2 hat (worn)
Scrolls
 b - a scroll of amnesia {unknown}
 d - 2 scrolls of identify
 f - a scroll of noise
 i - a scroll of enchant armour
 k - 3 scrolls of teleportation
 l - a scroll of remove curse
 n - 2 scrolls of random uselessness {unknown}
 p - a scroll of fear {unknown}
Potions
 j - a potion of cancellation
 o - 2 potions of lignification
 q - a potion of ambrosia
 s - a potion of curing
Comestibles
 c - 3 rations


   Skills:
 + Level 1.3 Fighting
 - Level 2.0 Dodging
 - Level 2.6 Stealth
 + Level 3.6 Spellcasting
 * Level 3.4 Conjurations
   Level 1.0 Summonings
 - Level 1.0 Translocations


You had one spell level left.
You knew the following spells:

 Your Spells              Type           Power        Failure   Level  Hunger
a - Magic Dart            Conj           ###.         3%          1    None
b - Blink                 Tloc           N/A          13%         2    ##.....
c - Conjure Flame         Conj/Fire      ##......     19%         3    ###....
d - Mephitic Cloud        Conj/Pois/Air  #.......     24%         3    ###....

Your spell library contained the following spells:

 Spells                   Type           Power        Failure   Level  Hunger
 Slow                     Hex            #.......     19%         2    ##.....
 Call Imp                 Summ           #.......     13%         2    ##.....


Dungeon Overview and Level Annotations

Branches:
Dungeon (3/15)

Altars:

Annotations:
D:2 exclusion: downstairs
D:3 3 runed doors, jt's ghost, weakling TrBe


Innate Abilities, Weirdness & Mutations

You cannot wear most types of armour.
You are very stealthy in the water. (Stealth+)
You are amphibious.
You can wear up to eight rings at the same time.
You can use your tentacles to constrict eight enemies at once.
Your skin changes colour to match your surroundings (Stealth+).
Your rubbery body absorbs attacks. (AC +1, EV +1)


Message History

Okay, then.
You barely miss the orc.
The orc wizard points at you and mumbles some strange words.
You are more confused.
The orc closely misses you.
You completely miss something. Something hits you but does no damage.
The ogre barely misses you.
The orc wizard gestures wildly while chanting.
The orc wizard flickers and vanishes!
The orc closely misses you.
A magic dart appears from out of thin air!
The magic dart hits something.
The orc hits you but does no damage. The ogre barely misses you.
You completely miss something. Something hits you. The orc closely misses you.
You miss something. Your squeeze misses something.
The ogre hits you with a giant club. Something hits you but does no damage.
The orc closely misses you.
You bump into the stone wall.
Something hits you. The ogre hits you with a giant club!!
Ouch! That really hurt!
You die...

#.....# #....##..........#.#
#####.### ##.#.##..........#.#
'.......# #.....#)#########.#
#####.#.####.....########8##.#
# #..............#8 ....#....#
# #..>#......#...#..##..#....#
############.#.###
.8#..#.#.###
.............#...# ##o.#.....#
.......(.......O@# ..#W#..####
##############.o.# . #.+..# #
#...# .#.+..# # ##...# .o#
+.## # #....# . #o#.# ###
#†..(# #.o#.# ..# ..)†...).##
8#..#.# ..# ..###....#
.o##o.#.# ..# #....# 8 o..#.#


You could see an ogre and an orc.

Vanquished Creatures
  An adder (D:2)
  A worm (D:3)
  3 dart slugs
  3 leopard geckos
  3 orcs (D:3)
  4 ball pythons
  3 giant cockroaches
  9 goblins
  4 hobgoblins
  3 jackals (D:1)
  4 quokkas
  10 bats
  6 frilled lizards
  10 kobolds
  7 rats
71 creatures vanquished.

Notes
Turn   | Place    | Note
-------+----------+-------------------------------------------
     0 | D:1      | Htamos the Octopode Wizard began the quest for the Orb.
     0 | D:1      | Reached XP level 1. HP: 11/11 MP: 4/4
   331 | D:1      | Reached XP level 2. HP: 17/17 MP: 1/6
   753 | D:1      | Reached XP level 3. HP: 21/21 MP: 3/7
  1849 | D:2      | Reached XP level 4. HP: 27/27 MP: 6/9
  2190 | D:2      | Reached skill level 1 in Fighting
  2784 | D:3      | Learned a level 2 spell: Blink
  2788 | D:3      | Learned a level 3 spell: Conjure Flame
  2845 | D:3      | Learned a level 3 spell: Mephitic Cloud
  3033 | D:3      | Found a runed gate.
  3034 | D:3      | Found a runed gate.
  3034 | D:3      | Found a runed gate.
  3036 | D:3      | Noticed jt's ghost (weakling TrBe)
  3595 | D:3      | Noticed an ogre
  3615 | D:3      | Slain by an ogre

Skill      XL: |  1  2  3  4 |
---------------+-------------+-----
Conjurations   | 2 3 |  3.4
Fighting       | 1 |  1.3
Dodging        | |  2.0
Stealth        | |  2.6
Spellcasting   | |  3.6
Summonings     | |  1.0
Translocations | |  1.0

Action                   |  1- 3 |  4- 6 || total
-------------------------+-------+-------++-------
Melee: Unarmed           |     4 |       ||     4
       Constrict         |     4 |       ||     4
       Dagger            |    11 |     4 ||    15
 Cast: Magic Dart        |    79 |    70 ||   149
       Blink             |       |     2 ||     2
  Use: Scroll            |       |    10 ||    10
  Eat: Chunk             |     3 |     5 ||     8
Armor: Skin              |     1 |     4 ||     5
Dodge: Dodged            |    14 |    15 ||    29
